 Dungeon Crawl Stone Soup version 0.30-a0-528-g8c47a4955b (webtiles) character file.

Game seed: 15335146593061283017

321 gruber the Reanimator (level 6, -3/41 HPs)
             Began as a Demonspawn Necromancer on Dec 23, 2022.
             Slain by Menkaure (11 damage)
             ... on level 4 of the Dungeon.
             The game lasted 00:04:10 (3777 turns).

gruber the Reanimator (Demonspawn Necromancer)      Turns: 3777, Time: 00:04:11

Health: -3/41      AC:  7    Str:  9    XL:     6   Next: 22%
Magic:  0/9        EV: 12    Int: 18    God:
Gold:   183        SH:  0    Dex: 13    Spells: 6/10 levels left

rFire   + . .      SeeInvis +    l - +0 short sword (vamp)
rCold   . . .      Faith    .    (no shield)
rNeg    . . .      Spirit   +    a - +0 robe
rPois   .          Reflect  .    (helmet restricted)
rElec   +          Harm     .    (no cloak)
rCorr   .          Rampage  .    (no gloves)
Will    .....                    s - +0 pair of boots
Stlth   ++                       m - amulet of guardian spirit
HPRegen 0.26/turn                e - ring of see invisible
MPRegen 0.11/turn                y - ring of protection from fire

@: no status effects
A: antennae 1, thin metallic scales 3, powered by death 1
a: no special abilities


You were on level 4 of the Dungeon.
You visited 1 branch of the dungeon, and saw 4 of its levels.

You collected 183 gold pieces.

Inventory:

Hand Weapons
 l - a +0 vampiric short sword (weapon)
Armour
 a - a +0 robe (worn)
 s - a +0 pair of boots (worn)
Magical Staves
 g - a staff of earth
Jewellery
 e - a ring of see invisible (left hand)
 m - an amulet of guardian spirit (around neck)
 r - a ring of ice
 y - a ring of protection from fire (right hand)
Scrolls
 c - a scroll of silence {unknown}
 d - a scroll of fear {unknown}
 f - a scroll of poison {unknown}
 h - a scroll of blinking {unknown}
 j - 6 scrolls of teleportation {unknown}
 n - 3 scrolls of enchant armour {unknown}
 p - 3 scrolls of identify {unknown}
 q - a scroll of immolation {unknown}
 x - a scroll of magic mapping {unknown}
Potions
 b - a potion of magic
 i - 3 potions of curing
 k - a potion of degeneration {unknown}
 o - 2 potions of berserk rage {unknown}
 t - a potion of mutation {unknown}
 u - a potion of might {unknown}
 v - a potion of attraction {unknown}
 w - 4 potions of flight {unknown}
 z - a potion of brilliance {unknown}


   Skills:
 - Level 1.7 Dodging
 - Level 1.7 Stealth
 * Level 2.6 Spellcasting
 - Level 8.0 Necromancy


You had 6 spell levels left.
You knew the following spells:

 Your Spells              Type           Power      Damage    Failure   Level
a - Necrotise             Necr           100%       1d9       1%          1
b - Vampiric Draining     Necr           31%        2d8       1%          3

Your spell library contained the following spells:

 Spells                   Type           Power      Damage    Failure   Level
 Animate Dead             Necr           31%        N/A       6%          4
 Agony                    Necr           31%        N/A       17%         5
 Gell's Gravitas          Tloc           2%         N/A       45%         3
 Lesser Beckoning         Tloc           4%         N/A       45%         3
 Teleport Other           Tloc           2%         N/A       45%         3


Dungeon Overview and Level Annotations

Branches:
Dungeon (4/15)
 Temple: D:4-7

Altars:

Shops:
D:1 [

Annotations:
D:4 Menkaure


Innate Abilities, Weirdness & Mutations

You have a pair of small antennae on your head.
You are completely covered in thin metallic scales. (AC +4, rElec)
You regenerate a little health from kills.


Message History

You can't see any susceptible monsters within range! (Use Z to cast anyway.)
A worm comes into view.
Found a coppery potion.
A worm is nearby!
You see here a potion of curing.
The worm writhes in agony.
The worm writhes in agony.
The worm writhes in agony!
You kill the worm!
You can't see any susceptible monsters within range! (Use Z to cast anyway.)
You can't see any susceptible monsters within range! (Use Z to cast anyway.)
You can't see any susceptible monsters within range! (Use Z to cast anyway.)
Your orc skeleton crumbles into dust!
i - 3 potions of curing (gained 1)
w - 4 inky potions (gained 1)
y - a ring of protection from fire No target in view!
y - a ring of protection from fire (right hand)
You now have 183 gold pieces (gained 5).
You see here a book of Necromancy.
z - a coppery potion Menkaure, Prince of Dust comes into view.
Menkaure is nearby!
Menkaure is nearby!
Menkaure casts a spell.
Menkaure seems to speed up.
You can't see any susceptible monsters within range! (Use Z to cast anyway.)
You can't see any susceptible monsters within range! (Use Z to cast anyway.)
You can't see any susceptible monsters within range! (Use Z to cast anyway.)
Found a club.
You aren't carrying any items that you can evoke.
You aren't carrying any items that you can evoke.
Okay, then.
Menkaure calls on the powers of darkness!
Your body is wracked with pain!
Menkaure hits you!!
* * * LOW HITPOINT WARNING * * *
Menkaure misses you.
You hit Menkaure but do no damage. Menkaure hits you!
You die...

#). .......#. #..
......#. #.. ...
.(..... #.# ..#
....... #.# #.#
#.##.. #.# #.# #.###.
. #.# #M# #<).#. ..
#.# #.# ###...
...####@# #.# ###.
......#M####.##.## #.
..........M......# ..
...##...####........
... #.#.####......##
## #.#...........# #
##.#...........######
#....##........... ..
##..####.##......# #


You could see Menkaure (fast).

Vanquished Creatures
  An ogre (D:3)
  An orc priest (D:3)
  5 adders
  6 gnolls
  2 worms
  3 dart slugs
  6 orcs
  7 endoplasms
  2 giant cockroaches
  7 hobgoblins
  3 jackals (D:2)
  5 quokkas (D:1)
  16 ball pythons
  6 bats
  7 goblins
  7 kobolds
  5 rats
89 creatures vanquished.

Vanquished Creatures (collateral kills)
  An endoplasm (D:2)
  2 goblins (D:2)
  A hobgoblin (D:3)
4 creatures vanquished.

Grand Total: 93 creatures vanquished

Notes
Turn   | Place    | Note
-------+----------+-------------------------------------------
     0 | D:1      | gruber the Demonspawn Necromancer began the quest for the
                  | Orb.
     0 | D:1      | Reached XP level 1. HP: 13/13 MP: 3/3
    72 | D:1      | Found Qoih's Armour Shop.
   137 | D:1      | Reached skill level 5 in Necromancy
   137 | D:1      | Gained mutation: You regenerate a little health from kills.
                  | [demonic ancestry]
   137 | D:1      | Reached XP level 2. HP: 19/19 MP: 0/5
   662 | D:1      | Gained mutation: You have a pair of small antennae on your
                  | head. [demonic ancestry]
   662 | D:1      | Reached XP level 3. HP: 24/24 MP: 3/6
  1130 | D:2      | Reached skill level 6 in Necromancy
  1434 | D:2      | HP: 1/24 [poisoned by an adder]
  1435 | D:2      | Gained mutation: You are partially covered in thin metallic
                  | scales. (AC +2) [demonic ancestry]
  1435 | D:2      | Reached XP level 4. HP: 1/30 MP: 1/7
  1613 | D:2      | Learned a level 3 spell: Vampiric Draining
  2141 | D:3      | Noticed an ogre
  2322 | D:4      | Reached skill level 7 in Necromancy
  2322 | D:4      | Gained mutation: You are mostly covered in thin metallic
                  | scales. (AC +3) [demonic ancestry]
  2322 | D:4      | Reached XP level 5. HP: 29/35 MP: 0/8
  2711 | D:3      | Killed an ogre
  2969 | D:3      | Reached skill level 8 in Necromancy
  2969 | D:3      | Gained mutation: You are completely covered in thin
                  | metallic scales. (AC +4, rElec) [demonic ancestry]
  2969 | D:3      | Reached XP level 6. HP: 41/41 MP: 5/9
  3765 | D:4      | Noticed Menkaure
  3777 | D:4      | Slain by Menkaure

Illustrated notes

Levels and vault maps discovered:
D:1:      amcnicky_arrival_blooded_trapdoor, layout_basic, serial_shops, shop
D:2:      minmay_diamond_boxcup, layout_basic, minmay_snake_closets
D:3:      minmay_bubble_buster, layout_loops_ring, kennysheep_path_1,
          minivault_25
D:4:      layout_rooms, minmay_circle_x, uniq_eustachio, uniq_menkaure,
          uniq_crazy_yiuf_cottage

Skill      XL: |  1  2  3  4  5 |
---------------+----------------+-----
Necromancy     | 5 6 7 8 |  8.0
Dodging        | |  1.7
Stealth        | |  1.7
Spellcasting   | |  2.6

Action                   |  1- 3 |  4- 6 || total
-------------------------+-------+-------++-------
Melee: Unarmed           |     6 |       ||     6
       Staff             |     5 |       ||     5
       Short sword       |    11 |    18 ||    29
 Cast: Necrotise         |    68 |   103 ||   171
  Use: Potion            |       |     1 ||     1
 Stab: Sleeping          |       |     1 ||     1
Armor: Robe              |     7 |    14 ||    21
Dodge: Dodged            |    29 |    38 ||    67

Table legend: (Time is in decaauts)
 A = Elapsed time spent in this place.
 B = Non-inter-level travel time spent in this place.
 C = Inter-level travel time spent in this place.
 D = Time resting spent in this place.
 E = Time spent auto-exploring this place.
 F = Levels seen in this place.
 G = Mean time per level.
                   A        B        C        D        E       F      G
               +--------+--------+--------+--------+--------+-----+--------+
         Total |   3775 |   3703 |     72 |      0 |   3163 |   4 |  943.8 |
       Dungeon |   3775 |   3703 |     72 |      0 |   3163 |   4 |  943.8 |
               +--------+--------+--------+--------+--------+-----+--------+

Top non-repeatable levels by time:
     D:3: 1340 daAuts
     D:2: 1227 daAuts
     D:1: 821 daAuts
     D:4: 385 daAuts
